 Dungeon Crawl Stone Soup version 0.30.0 (webtiles) character file.

Game seed: 14522191576973159091

60839 dialectric the Warrior (level 14, -2/147 HPs)
             Began as a Minotaur Fighter on May 7, 2023.
             Was an Initiate of Gozag.
             Succumbed to a sea snake's poison
             ... on level 1 of the Shoals.
             The game lasted 00:29:29 (18081 turns).

dialectric the Warrior (Minotaur Fighter)          Turns: 18081, Time: 00:29:30

Health: -2/147     AC: 21    Str: 27    XL:     14   Next: 58%
Magic:  13/13      EV: 33    Int:  5    God:    Gozag
Gold:   2312       SH: 10    Dex: 21    Spells: 13/13 levels left

rFire   . . .        L - +1 long sword (distort)
rCold   . . .        O - +3 buckler
rNeg    + . .        P - +2 pearl dragon scales
rPois   .            R - +0 hat
rElec   .            G - +0 cloak
rCorr   .            Q - +2 pair of gloves
SInv    +            (no boots)
Will    +++++        t - amulet of the acrobat Stlth
                     J - ring "Reosyi" {Will+ Str-3 Dex+5 SInv}
HPRegen 0.44/turn    B - ring "Valaorgh" {Will+++ Str+6 Dex+4 Stlth-}
MPRegen 0.13/turn

%: acrobat
@: lethally poisoned (-2 -> -32), acrobatic
A: horns 2, retaliatory headbutt
a: Renounce Religion, Potion Petition, Call Merchant, Bribe Branch


You were on level 1 of the Shoals.
You worshipped Gozag.
Gozag was most pleased with you.
You visited 5 branches of the dungeon, and saw 20 of its levels.

You collected 4936 gold pieces.
You spent 2201 gold pieces at shops.
You paid 423 gold pieces to Gozag.

Inventory:

Hand Weapons
 E - a +0 scimitar of electrocution
 L - a +1 long sword of distortion (weapon)
 W - a +0 great sword of holy wrath
Missiles
 i - 37 poisoned darts (quivered)
 M - 8 throwing nets
Armour
 m - a +1 ring mail of poison resistance
 G - a +0 cloak (worn)
 O - a +3 buckler (worn)
 P - +2 pearl dragon scales (worn)
 Q - a +2 pair of gloves (worn)
 R - a +0 hat (worn)
 V - a +2 chain mail of fire resistance
Jewellery
 g - a ring of flight
 l - an amulet of guardian spirit
 t - an amulet of the acrobat (around neck)
 y - an amulet of regeneration
 A - an amulet of reflection
 B - the ring "Valaorgh" (right hand) {Will+++ Str+6 Dex+4 Stlth-}
   (You acquired it on level 10 of the Dungeon)

   [ring of strength]

   Str:       It affects your strength (+6).
   Dex:       It affects your dexterity (+4).
   Will:      It greatly increases your willpower.
   Stlth:     It makes you less stealthy.
 I - a +6 ring of intelligence
 J - the ring "Reosyi" (left hand) {Will+ Str-3 Dex+5 SInv}
   (You found it on level 5 of the Dungeon)

   [ring of willpower]

   Str:       It affects your strength (-3).
   Dex:       It affects your dexterity (+5).
   SInv:      It lets you see invisible.
   Will:      It increases your willpower.
 S - a ring of magical power
 Y - a +6 ring of strength
Wands
 a - a wand of flame (7)
 b - a wand of mindburst (8)
 c - a wand of paralysis (19)
 d - a wand of iceblast (15)
 N - a wand of acid (10)
 Z - a wand of digging (12)
Scrolls
 f - a scroll of immolation
 j - 13 scrolls of identify
 k - 8 scrolls of teleportation
 n - a scroll of magic mapping
 p - a scroll of enchant armour
 q - 5 scrolls of vulnerability
 r - 2 scrolls of fog
 s - 2 scrolls of blinking
 H - 2 scrolls of poison
 K - a scroll of enchant weapon
 T - 2 scrolls of fear
Potions
 e - 3 potions of brilliance
 h - 2 potions of mutation {unknown}
 o - 2 potions of heal wounds {unknown}
 u - 4 potions of resistance {unknown}
 w - 2 potions of degeneration {unknown}
 x - 5 potions of flight
 z - a potion of cancellation
 C - 2 potions of curing
 D - 2 potions of lignification {unknown}
 X - a potion of invisibility {unknown}
Miscellaneous
 U - a phial of floods


   Skills:
 * Level 19.7 Fighting
 - Level 15.1 Long Blades
 + Level 1.3 Throwing
 + Level 10.7 Armour
 - Level 12.0 Dodging
 - Level 9.0 Shields
 + Level 2.8 Evocations


You had 13 spell levels left.
You didn't know any spells.
Your spell library contained the following spells:

 Spells                   Type           Power      Damage    Failure   Level
 Magic Dart               Conj           0%         1d3       78%         1
 Sting                    Tmut/Pois      0%         1d3       78%         1
 Call Imp                 Summ           0%         N/A       89%         2
 Lesser Beckoning         Tloc           0%         N/A       89%         2
 Poisonous Vapours        Pois/Air       0%         N/A       89%         2
 Gell's Gravitas          Tloc           0%         N/A       98%         3
 Inner Flame              Hex/Fire       0%         N/A       98%         3
 Mephitic Cloud           Conj/Pois/Air  0%         N/A       98%         3
 Ozocubu's Armour         Ice            0%         N/A       98%         3
 Teleport Other           Tloc           0%         N/A       98%         3
 Cause Fear               Hex            0%         N/A       100%        4
 Iskenderun's Mystic Bla  Conj/Tloc      0%         2d3       100%        4
 Olgreb's Toxic Radiance  Pois           0%         N/A       100%        4
 Yara's Violent Unravell  Hex/Tmut       0%         3d3       100%        5
 Dragon Form              Tmut           0%         N/A       100%        7
 Enfeeble                 Hex            0%         N/A       100%        7
 Dragon's Call            Summ           0%         N/A       100%        9


Dungeon Overview and Level Annotations

Branches:
Dungeon (13/15)            Temple (0/1) D:4            Lair (2/5) D:10
 Shoals (2/4) Lair:2       Spider (1/4) Lair:2          Orc (2/2) D:12
    Elf: Orc:2       Vaults: D:13-14

Altars:
Elyvilon
Gozag
Kikubaaqudgha
Yredelemnul
Zin

Shops:
D:6 *   D:9 :   D:12 [((:   Orc:2 *   Shoals:1 =   Shoals:2 [

Annotations:
D:5 2 runed translucent doors
D:13 Snorg
Orc:2 Nessos
Abyss:1 Jorgrun, Joseph, Urug


Innate Abilities, Weirdness & Mutations

You have a pair of horns on your head.
You reflexively headbutt those who attack you in melee.


Message History

Space warps around the merfolk aquamancer.
The merfolk aquamancer is moderately wounded.
The centaur warrior shoots an arrow.
The arrow barely misses you.
The merfolk aquamancer hits you but does no damage.
Unknown command.
You slash the merfolk aquamancer!
Space warps horribly around the merfolk aquamancer!!
The merfolk aquamancer is almost dead.
The centaur warrior shoots an arrow.
You block the arrow. The sea snake closely misses you.
The merfolk aquamancer hits you but does no damage.
Your unstable footing causes you to fumble your attack.
The centaur warrior shoots an arrow.
The arrow hits you. You block the sea snake's attack.
You completely miss the merfolk aquamancer.
You headbutt the merfolk aquamancer, but do no damage.
The merfolk aquamancer is almost dead.
The centaur warrior unwields a +0 longbow.
You block the centaur warrior's attack.
The centaur warrior kicks you but does no damage.
The merfolk aquamancer gestures at you while chanting.
The shard of ice hits you!!!
* * * LOW HITPOINT WARNING * * *
The sea snake bites you!
* * * LOW HITPOINT WARNING * * *
You are lethally poisoned!
The sea snake poisons you!
Unknown command.
Your unstable footing causes you to fumble your attack.
* * * LOW HITPOINT WARNING * * *
You feel very sick.
You block the centaur warrior's attack. x2
The merfolk aquamancer points at you and mumbles some strange words.
The torrent of water misses you.
The wave splashes down.
The centaur warrior shoots an arrow.
The arrow hits you.
* * * LOW HITPOINT WARNING * * *
The sea snake bites you but does no damage.
You hear a shout!
You die...
Your body crumbles into a pile of gold.

.~~~~~~~~~~~~≈
..~~~~~~~~~~~
~~~~~~~~~~~~
~.~~~~~~..~ .~~~....
..~^.## . #.....#..
###$....~~~ ###
#.@~~~.~~~~ .####..
##cmS~~~~~~
≈~......## #...~.c!.~
~~~~~~~..###)...##...
~~~~≈≈≈~.##...~......
~~~~~~~~~...~~~~~~~~~
~~~~~~~~~~~~~~~~~~~~~
.~~~~~~~~~~~~~~~~~~~~
..~....~~~~~~~~~~~~~~


You could see a sea snake, a merfolk aquamancer and 2 centaur warriors.

Vanquished Creatures
  Gastronok (Lair:2)
  Aizul (Shoals:1)
  A merfolk impaler (Shoals:2)
  A great orb of eyes (shapeshifter) (D:12)
  A merfolk aquamancer (Shoals:1)
  A two-headed ogre (D:10)
  A deep troll earth mage (D:12)
  2 boulder beetles (D:12)
  3 skysharks
  4 sea snakes
  8 wolf spider zombies (Spider:1)
  An orc knight (Orc:1)
  A necromancer (Spider:1)
  An ugly thing (D:12)
  5 fauns
  2 manticores (Shoals:1)
  5 cyclopes
  2 merfolk sirens
  2 water nymphs (Shoals:1)
  3 black mambas
  8 cane toads
  A torpor snail (Lair:2)
  A gargoyle (D:12)
  Maggie (D:7)
  5 elephants
  5 komodo dragons
  An unseen horror (D:12)
  6 redback zombies (Spider:1)
  3 merfolk (Shoals:1)
  A wind drake (Shoals:1)
  6 trolls
  9 blink frogs
  A hornet (Lair:1)
  3 culicivora zombies (Spider:1)
  5 tarantella zombies (Spider:1)
  5 snapping turtles
  6 slime creatures (D:12)
  7 water elementals
  A shadow (D:10)
  4 wraiths
  29 yaks
  A vampire (D:12)
  2 wyverns (D:10)
  3 basilisks
  A steam dragon (D:9)
  A vampire mosquito (D:12)
  2 wargs (Orc:1)
  An acid dragon (D:10)
  10 water moccasins
  18 orc warriors
  3 ice beasts
  5 ogres
  3 sky beasts
  2 black bears
  2 phantoms (D:5)
  A kobold brigand (D:10)
  6 bullfrogs
  4 gnoll sergeants
  2 scorpions
  8 wights
  11 killer bees
  5 howler monkeys
  3 electric eels (D:12)
  9 hounds
  A jelly (D:7)
  Crazy Yiuf (D:4)
  3 gnoll boudas
  9 orc priests
  7 iguanas
  3 sleepcaps
  22 orc wizards
  41 gnolls
  7 adders
  A river rat (Lair:1)
  3 shadow imps
  2 white imps
  2 ufetubi
  5 worms
  The ghost of Huckebein the Sneak, a weakling OpDe (D:6)
  5 dart slugs
  47 orcs
  4 endoplasms
  3 giant cockroaches
  3 goblins
  3 hobgoblins
  17 jackals
  10 kobolds
  6 quokkas
  4 ball pythons
  6 bats
  3 frilled lizards (D:2)
  6 rats
482 creatures vanquished.

Vanquished Creatures (others)
  Maurice (D:12)
  2 fungi (D:10)
  58 plants
  2 withered plants (D:5)
63 creatures vanquished.

Grand Total: 545 creatures vanquished

Notes
Turn   | Place    | Note
-------+----------+-------------------------------------------
     0 | D:1      | dialectric the Minotaur Fighter began the quest for the
                  | Orb.
     0 | D:1      | Reached XP level 1. HP: 19/19 MP: 0/0
   384 | D:1      | Reached XP level 2. HP: 27/27 MP: 1/1
   447 | D:1      | Reached skill level 4 in Fighting
   672 | D:2      | Reached XP level 3. HP: 27/33 MP: 2/2
   955 | D:2      | Reached XP level 4. HP: 38/40 MP: 3/3
  1227 | D:3      | Reached skill level 1 in Dodging
  1303 | D:3      | Found a faded altar of an unknown god.
  1333 | D:3      | Reached skill level 5 in Armour
  1476 | D:3      | Noticed a scorpion
  1482 | D:3      | Killed a scorpion
  1483 | D:3      | Reached XP level 5. HP: 47/47 MP: 4/4
  1571 | D:3      | Reached skill level 5 in Long Blades
  1848 | D:3      | Prayed at the altar of an unknown god.
  1848 | D:3      | Became a worshipper of Gozag Ym Sagoz the Greedy
  2323 | D:4      | Found a runed translucent door.
  2324 | D:4      | Noticed Crazy Yiuf
  2388 | D:4      | Found a staircase to the Ecumenical Temple.
  2604 | D:4      | Killed Crazy Yiuf
  2605 | D:4      | Reached XP level 6. HP: 40/53 MP: 5/5
  2680 | D:5      | Entered Level 5 of the Dungeon
  2899 | D:5      | Reached skill level 5 in Fighting
  3028 | D:5      | Reached XP level 7. HP: 44/61 MP: 6/6
  3145 | D:5      | Found a runed translucent door.
  3147 | D:5      | Noticed Huckebein's ghost (weakling OpDe)
  3543 | D:5      | Identified the ring "Reosyi" {Will+ Str-3 Dex+5 SInv}
  3904 | D:5      | Reached XP level 8. HP: 70/70 MP: 7/7
  4039 | D:5      | Reached skill level 6 in Fighting
  4264 | D:5      | Found a runed translucent door.
  4266 | D:5      | Found a runed translucent door.
  4840 | D:6      | Killed Huckebein's ghost
  4908 | D:6      | Found Ische's Elemental Accessories.
  4939 | D:6      | Bought a wand of iceblast (7) for 201 gold pieces
  5128 | D:6      | Found a glowing silver altar of Zin.
  5128 | D:6      | Found an ancient bone altar of Kikubaaqudgha.
  5609 | D:7      | Reached skill level 10 in Long Blades
  5699 | D:7      | Reached XP level 9. HP: 74/78 MP: 8/8
  5742 | D:7      | Noticed Maggie
  5776 | D:7      | Paralysed by Maggie for 2 turns
  5783 | D:7      | Killed Maggie
  5973 | D:7      | Reached skill level 7 in Fighting
  6180 | D:7      | Reached skill level 5 in Shields
  6385 | D:7      | Reached skill level 1 in Evocations
  6408 | D:7      | Reached skill level 5 in Dodging
  6553 | D:7      | Found a basalt altar of Yredelemnul.
  7291 | D:9      | Reached XP level 10. HP: 81/86 MP: 9/9
  7447 | D:9      | Reached skill level 8 in Fighting
  7628 | D:9      | Found Qocyept's Book Shoppe.
  8076 | D:10     | Entered Level 10 of the Dungeon
  8139 | D:10     | Reached XP level 11. HP: 53/95 MP: 10/10
  8147 | D:10     | Reached skill level 9 in Fighting
  8271 | D:10     | Found a staircase to the Lair.
  8286 | D:10     | Identified a scroll of acquirement
  8286 | D:10     | Acquired the ring "Valaorgh" {Will+++ Str+6 Dex+4 Stlth-}
  8368 | D:10     | Noticed Joseph
  8389 | D:10     | Banished Joseph
  8692 | D:10     | Noticed a two-headed ogre
  8700 | D:10     | Killed a two-headed ogre
  8701 | D:10     | Reached skill level 10 in Fighting
  8876 | D:10     | Found a white marble altar of Elyvilon.
  9139 | Lair:1   | Entered Level 1 of the Lair of Beasts
  9210 | Lair:2   | Noticed a skyshark
  9251 | Lair:1   | HP: 4/101 [poisoned by a cane toad]
  9555 | D:11     | Reached skill level 11 in Fighting
 10404 | D:12     | Found Qikhla's Armour Boutique.
 10405 | D:12     | Found a staircase to the Orcish Mines.
 10412 | D:12     | Found Pyl Ente's Weapon Boutique.
 10461 | D:12     | Reached skill level 12 in Fighting
 10461 | D:12     | Reached XP level 12. HP: 112/112 MP: 11/11
 11084 | D:12     | Noticed a deep troll earth mage
 11086 | D:12     | a swamp worm changed into a two-headed ogre
 11086 | D:12     | Noticed a two-headed ogre (glowing shapeshifter)
 11090 | D:12     | Killed a deep troll earth mage
 11090 | D:12     | a two-headed ogre changed into a swamp worm
 11094 | D:12     | an eye of devastation changed into an anaconda
 11094 | D:12     | Noticed an anaconda (glowing shapeshifter)
 11111 | D:12     | an anaconda changed into a great orb of eyes
 11111 | D:12     | Noticed a great orb of eyes (glowing shapeshifter)
 11113 | D:12     | Killed a great orb of eyes
 11114 | D:12     | Reached skill level 13 in Fighting
 11114 | D:12     | Reached skill level 15 in Long Blades
 11125 | D:12     | Noticed a boulder beetle
 11145 | D:12     | Got the Vellum of White Location
 11292 | D:12     | Killed a boulder beetle
 11731 | D:12     | Reached skill level 14 in Fighting
 11850 | D:12     | Noticed Urug
 11863 | D:12     | Banished Urug
 11882 | D:12     | Noticed a boulder beetle
 11905 | D:12     | Killed a boulder beetle
 11975 | D:12     | Found Coli's Book Emporium.
 12556 | D:13     | Noticed Snorg
 12596 | Orc:1    | Entered Level 1 of the Orcish Mines
 12604 | Orc:1    | Noticed Maurice
 12622 | D:12     | Killed Maurice
 12928 | Orc:2    | Entered Level 2 of the Orcish Mines
 12944 | Orc:1    | Reached skill level 15 in Fighting
 13238 | Orc:2    | Noticed an orc warlord
 13371 | Orc:1    | Reached XP level 13. HP: 126/127 MP: 12/12
 13524 | Orc:2    | Found Nimant's Assorted Antiques.
 13524 | Orc:2    | Noticed Nessos
 13997 | Lair:1   | Paralysed by a hornet for 1 turns
 14143 | Lair:1   | Identified the +0 robe of Henotheism {Harm Will- Int+4}
 14195 | Lair:1   | Reached skill level 16 in Fighting
 14740 | Lair:1   | Reached skill level 10 in Dodging
 15130 | Lair:2   | Found a hole to the Spider Nest.
 15135 | Lair:2   | Noticed Gastronok
 15158 | Lair:2   | Killed Gastronok
 15174 | Spider:1 | Entered Level 1 of the Spider Nest
 15361 | Spider:1 | Reached skill level 17 in Fighting
 15361 | Spider:1 | Reached skill level 1 in Throwing
 15951 | Lair:2   | Found a staircase to the Shoals.
 15967 | Lair:2   | Reached XP level 14. HP: 133/141 MP: 13/13
 15980 | Shoals:1 | Entered Level 1 of the Shoals
 15980 | Shoals:1 | Noticed Aizul
 15980 | Shoals:1 | Found Wovamm's One-of-a-Kind Rings.
 15980 | Shoals:1 | You fall into a shaft and drop 1 floor!
 15980 | Shoals:2 | Found Fat-Frumos's Dragon-Slaying Spoils.
 15982 | Shoals:2 | Bought +0 pearl dragon scales for 2000 gold pieces
 16067 | Shoals:2 | Reached skill level 18 in Fighting
 16775 | Shoals:1 | Reached skill level 10 in Armour
 17330 | Shoals:1 | Reached skill level 19 in Fighting
 17461 | Shoals:1 | Killed Aizul
 17866 | Shoals:1 | Noticed Jorgrun
 17871 | Shoals:1 | Banished Jorgrun
 18081 | Shoals:1 | Succumbed to a sea snake's poison

Illustrated notes

Levels and vault maps discovered:
D:1:      dpeg_arrival_round_b, layout_basic
D:2:      layout_rooms
D:3:      layout_basic, basic_ecumenical_altar, nicolae_elevator_lobby_asterisk
D:4:      layout_rooms, minmay_temple_entry_water_ring, uniq_crazy_yiuf_cottage
D:5:      lemuel_insect_pit, layout_gridville, gup_sewer_entry_spiral,
          gammafunk_ghost_grave
D:6:      minmay_flawed_box, layout_rooms, gammafunk_temple_overflow_wave,
          corexii_corridor_pit, hangedman_abyss_or_decor_stabs,
          nicolae_elemental_shop
D:7:      minmay_spotlight, layout_cave_pools, lemuel_crystal_altar,
          serial_gnoll_camp, gnoll_camp_mini_doghouse, gnoll_camp_mini_house,
          gnoll_camp_mini_doghouse, gnoll_camp_medium_02,
          gnoll_camp_mini_doghouse, uniq_maggie
D:8:      layout_rooms, serial_curves, eino_curves_01, eino_curves_04,
          grunt_decor_one_mirror, serial_bayou_lagoon_b
D:9:      layout_basic, serial_shops, shop, hangedman_decor_clover_reticule
D:10:     layout_roguey, nicolae_overflow_crystal_walls,
          minmay_lair_entry_grove, uniq_joseph
D:11:     layout_roguey, minmay_rotating_lava
D:12:     minmay_the_grid_four_pointed_star
          [minmay_the_grid_triangle_9x9_minimal,
          minmay_the_grid_triangle_9x9_sprig,
          minmay_the_grid_triangle_9x9_alien,
          minmay_the_grid_triangle_9x9_checkered,
          minmay_the_grid_prize_diamond_cup], layout_cave_pods, orc_david_3,
          serial_bayou, serial_bayou_ford_a, serial_bayou_crossing,
          serial_bayou_pond_d, serial_bayou_pond_b, serial_shops, shop,
          uniq_urug
D:13:     layout_long_grid, ximxim_vaults_locker_room,
          chequers_serial_rivers_room_b, uniq_snorg
Lair:1:   layout_roguey, pond, grunt_megastairs_5
Lair:2:   nzn_winding_woodlands_stair_cross [nzn_winding_woodlands_5x15_default,
          nzn_winding_woodlands_center_pierced_h,
          nzn_winding_woodlands_5x15_parted,
          nzn_winding_woodlands_5x5_open_star,
          nzn_winding_woodlands_5x5_closed_star,
          nzn_winding_woodlands_5x15_pathside_ponds,
          nzn_winding_woodlands_center_lodge, nzn_winding_woodlands_5x15_twine],
          layout_chaotic_city, minmay_shoals_entry_lonely_mermaid,
          spider_nest_entry_web_field, uniq_amaemon, uniq_gastronok
Shoals:1: layout_shoals, nicolae_shop_unique_rings, uniq_jorgrun, uniq_aizul
Shoals:2: layout_shoals, nicolae_shop_dragon_depot
Spider:1: lemuel_spider_zombies, nicolae_spider_rock_and_or_roll
Orc:1:    layout_caves, uniq_maurice
Orc:2:    st_orc_congregation, layout_caves, serial_shops, shop, uniq_nessos

Skill      XL: |  1  2  3  4  5  6  7  8  9 10 11 12 13 14 |
---------------+-------------------------------------------+-----
Armour         | 4 5 6 7 8 9 10 | 10.7
Fighting       | 4 5 6 7 8 12 15 17 19 | 19.7
Long Blades    | 3 4 5 6 8 10 11 12 14 15 | 15.1
Dodging        | 1 2 3 5 6 7 9 11 12 | 12.0
Shields        | 6 9 |  9.0
Evocations     | 1 2 |  2.8
Throwing       | 1 |  1.3

Action                     |  1- 3 |  4- 6 |  7- 9 | 10-12 | 13-15 || total
---------------------------+-------+-------+-------+-------+-------++-------
  Melee: Long sword        |    84 |   121 |   339 |   573 |   573 ||  1690
         Headbutt          |    13 |    23 |    76 |   137 |   165 ||   414
         Punch             |     1 |     1 |     4 |       |       ||     6
  Throw: Dart              |       |       |       |     2 |    13 ||    15
 Invoke: Call Merchant     |       |       |       |     1 |       ||     1
  Evoke: Wand              |       |       |     4 |     8 |     4 ||    16
         Phial of floods   |       |       |       |       |     1 ||     1
    Use: Potion            |       |     1 |     3 |     5 |     4 ||    13
         Scroll            |       |       |     4 |     6 |     6 ||    16
   Stab: Distracted        |       |     1 |     1 |     2 |     5 ||     9
 Armour: Scale mail        |    37 |       |       |       |       ||    37
         Ring mail         |    11 |    43 |    78 |       |       ||   132
         Acid dragon scale |       |       |    36 |    78 |    50 ||   164
         Pearl dragon scal |       |       |       |       |    54 ||    54
  Dodge: Dodged            |    69 |   103 |   272 |   337 |   334 ||  1115
  Block: Buckler           |       |       |    60 |   235 |   212 ||   507
